 Dungeon Crawl Stone Soup version 0.27-a0-906-g0a00ce863d (webtiles) character file.

Game seed: 8614567908733709579

3563498 Canard the Slayer (level 27, 266/266 HPs)
             Began as a Merfolk Berserker on Apr 6, 2021.
             Was a High Priest of Trog.
             Escaped with the Orb
             ... and 5 runes on Apr 7, 2021!
             The game lasted 03:01:18 (59456 turns).

Canard the Slayer (Merfolk Berserker)              Turns: 59456, Time: 03:01:19

Health: 266/266    AC: 52    Str: 31    XL:     27
Magic:  23/23      EV: 16    Int: 14    God:    Trog [*****.]
Gold:   8841       SH:  0    Dex: 16    Spells: 26/26 levels left

rFire    + . .     SeeInvis .   a - +10 glaive of Seiroc {vorpal, rElec rC+ rN+ Will+, polearm}
rCold    + + .     Faith    .   (shield currently unavailable)
rNeg     + . .     Spirit   .   U - +12 gold dragon scales {rare}
rPois    +         Reflect  .   s - +2 helmet
rElec    +         Harm     .   m - +1 cloak {Stlth+}
rCorr    +         Rampage  .   n - +3 pair of gauntlets of War {Slay+5}
Will     +++++                  I - +4 pair of boots "Juaniamm" {rElec}
Stlth    ..........             q - amulet of regeneration {@e2}
HPRegen  1.54/turn              M - ring "Fexaff" {Will++ Int+6 Slay+3}
MPRegen  0.18/turn              i - ring "Ticsan" {rPois Will+ rCorr Str+3}

@: no status effects
A: (nimble swimmer 2), mertail, agile 1, mutation resistance 1, robust 1
0: Orb of Zot
}: 5/15 runes: decaying, slimy, silver, abyssal, gossamer
a: Renounce Religion, Berserk, Trog's Hand, Brothers in Arms


You escaped.
You worshipped Trog.
Trog was extremely pleased with you.
You visited 9 branches of the dungeon, and saw 51 of its levels.
You visited the Abyss 2 times.
You also visited: Ossuary.

You collected 10025 gold pieces.
You spent 1184 gold pieces at shops.


Innate Abilities, Weirdness & Mutations

((You are quick and stealthy near water. (Stealth+, EV+, Speed+++)))
Your lower body shifts to a powerful aquatic tail in water.
You are agile. (Dex +2)
You are somewhat resistant to further mutation.
You are robust. (+10% HP)


   Skills:
 + Level 25.0 Fighting
 - Level 15.8(20.0) Polearms
 - Level 13.1(14.3) Staves
 - Level 20.0 Bows
 + Level 19.7 Armour
 - Level 21.0 Dodging
 - Level 8.0 Stealth
 - Level 10.0 Evocations


You had 26 spell levels left.
You didn't know any spells.
Your spell library contained the following spells:

 Spells                   Type           Power      Damage    Failure   Level
 Animate Skeleton         Necr           0%         N/A       95%         1
 Apportation              Tloc           0%         N/A       95%         1
 Corona                   Hex            0%         N/A       95%         1
 Foxfire                  Conj/Fire      0%         2x1d4     95%         1
 Magic Dart               Conj           0%         1d3       95%         1
 Pain                     Necr           0%         1d4       95%         1
 Shock                    Conj/Air       0%         1d3       95%         1
 Sting                    Tmut/Pois      0%         1d3       95%         1
 Summon Small Mammal      Summ           0%         N/A       95%         1
 Blink                    Tloc           N/A        N/A       99%         2
 Call Imp                 Summ           0%         N/A       99%         2
 Corpse Rot               Necr/Air       N/A        N/A       99%         2
 Ensorcelled Hibernation  Hex/Ice        0%         N/A       99%         2
 Poisonous Vapours        Pois/Air       0%         N/A       99%         2
 Slow                     Hex            0%         N/A       99%         2
 Sublimation of Blood     Necr           0%         N/A       99%         2
 Swiftness                Air            0%         N/A       99%         2
 Call Canine Familiar     Summ           0%         N/A       100%        3
 Confusing Touch          Hex            0%         N/A       100%        3
 Conjure Flame            Conj/Fire      0%         6-21      100%        3
 Dazzling Flash           Conj/Hex       0%         N/A       100%        3
 Gell's Gravitas          Tloc           0%         N/A       100%        3
 Ignite Poison            Fire/Tmut/Pois 0%         N/A       100%        3
 Inner Flame              Hex/Fire       0%         N/A       100%        3
 Lesser Beckoning         Tloc           0%         N/A       100%        3
 Mephitic Cloud           Conj/Pois/Air  0%         N/A       100%        3
 Spider Form              Tmut/Pois      0%         N/A       100%        3
 Static Discharge         Conj/Air       0%         N/A       100%        3
 Summon Guardian Golem    Hex/Summ       0%         N/A       100%        3
 Tukima's Dance           Hex            0%         N/A       100%        3
 Airstrike                Air            0%         N/A       100%        4
 Animate Armour           Summ/Erth      0%         N/A       100%        4
 Animate Dead             Necr           0%         N/A       100%        4
 Cause Fear               Hex            0%         N/A       100%        4
 Dispel Undead            Necr           0%         3d6       100%        4
 Olgreb's Toxic Radiance  Pois           0%         N/A       100%        4
 Petrify                  Tmut/Erth      0%         N/A       100%        4
 Sticky Flame             Conj/Fire      0%         2d3       100%        4
 Summon Ice Beast         Ice/Summ       0%         N/A       100%        4
 Summon Lightning Spire   Summ/Air       0%         N/A       100%        4
 Agony                    Necr           0%         N/A       100%        5
 Alistair's Intoxication  Tmut/Pois      0%         N/A       100%        5
 Bolt of Magma            Conj/Fire/Erth 0%         4d4       100%        5
 Borgnjor's Vile Clutch   Necr/Erth      0%         N/A       100%        5
 Excruciating Wounds      Necr           0%         N/A       100%        5
 Fireball                 Conj/Fire      0%         3d3       100%        5
 Irradiate                Conj/Tmut      0%         3d13      100%        5
 Iskenderun's Battlesphe  Conj           0%         2d6       100%        5
 Lightning Bolt           Conj/Air       0%         1d11      100%        5
 Metabolic Englaciation   Hex/Ice        0%         N/A       100%        5
 Silence                  Hex/Air        0%         N/A       100%        5
 Yara's Violent Unravell  Hex/Tmut       0%         3d3       100%        5
 Conjure Ball Lightning   Conj/Air       0%         3x3d6     100%        6
 Death Channel            Necr           0%         N/A       100%        6
 Eringya's Noxious Bog    Tmut/Pois      0%         N/A       100%        6
 Freezing Cloud           Conj/Ice/Air   0%         6-21      100%        6
 Invisibility             Hex            0%         N/A       100%        6
 Iron Shot                Conj/Erth      0%         9d1       100%        6
 Shadow Creatures         Summ           N/A        N/A       100%        6
 Simulacrum               Ice/Necr       0%         N/A       100%        6
 Starburst                Conj/Fire      0%         8x6d3     100%        6
 Statue Form              Tmut/Erth      0%         N/A       100%        6
 Dragon Form              Tmut           0%         N/A       100%        7
 Haunt                    Necr/Summ      0%         N/A       100%        7
 Malign Gateway           Summ/Tloc      0%         N/A       100%        7
 Monstrous Menagerie      Summ           0%         N/A       100%        7
 Orb of Destruction       Conj           0%         N/A       100%        7
 Spellforged Servitor     Conj/Summ      0%         N/A       100%        7
 Ignition                 Fire           0%         3d3       100%        8
 Summon Horrible Things   Summ           0%         N/A       100%        8
 Dragon's Call            Summ           0%         N/A       100%        9
 Tornado                  Air            0%         N/A       100%        9

Inventory:

Hand Weapons
 a - the +10 glaive of Seiroc (weapon) {vorpal, rElec rC+ rN+ Will+, polearm}
   (Trog gifted it to you on level 2 of the Spider Nest)

   It inflicts extra damage upon your enemies.
   It protects you from cold.
   It insulates you from electricity.
   It protects you from negative energy.
   It increases your willpower.
 b - the +11 longbow of Outrage {speed, rN++, bow}
   (You acquired it on level 12 of the Dungeon)

   Attacks with this weapon are significantly faster.
   It greatly protects you from negative energy.
 c - the +8 bardiche of Qazlal's Regard {spect, Str+5, polearm}
   (You acquired it on level 6 of the Dungeon)

   When it strikes, its spirit leaps out and fights alongside the wielder.
   It affects your strength (+5).
 o - a +3 demon trident of flaming {polearm}
   (You took it off a hell knight on level 1 of the Depths)
 y - a +6 antimagic lajatang {staff}
   (Trog gifted it to you on level 2 of the Vaults)
Missiles
 j - 941 arrows
 O - 7 throwing nets {=f!fthrowing}
Armour
 m - a +1 cloak of stealth (worn)
   (You found it on level 1 of the Realm of Zot)
 n - the +3 pair of gauntlets of War (worn) {Slay+5}
   (You found it on level 5 of the Vaults)

   It affects your accuracy and damage with ranged weapons and melee attacks
   (+5).
 s - a +2 helmet (worn)
   (You found it on level 9 of the Dungeon)
 I - the +4 pair of boots "Juaniamm" (worn) {rElec}
   (You bought it in a shop on level 2 of the Vaults)

   It insulates you from electricity.
 Q - the +2 shield of Resistance {rF++ rC++ Will++}
   (You took it off Donald on level 2 of the Vaults)

   It greatly protects you from fire.
   It greatly protects you from cold.
   It greatly increases your willpower.
 U - +12 gold dragon scales (worn) {rare}
   (You found it on level 3 of the Depths)
Jewellery
 i - the ring "Ticsan" (right hand) {rPois Will+ rCorr Str+3}
   (You acquired it on level 6 of the Dungeon)

   [ring of resist corrosion]

   It affects your strength (+3).
   It protects you from poison.
   It protects you from acid and corrosion.
   It increases your willpower.
 q - an amulet of regeneration (around neck) {@e2}
   (You found it on level 3 of the Dungeon)
 r - the amulet "Giq Sypioqi" {Faith rElec rF+ Int+4}
   (You found it on level 4 of the Vaults)

   [amulet of faith]

   It allows you to gain divine favour quickly.
   It affects your intelligence (+4).
   It protects you from fire.
   It insulates you from electricity.
 M - the ring "Fexaff" (left hand) {Will++ Int+6 Slay+3}
   (You acquired it on level 2 of the Orcish Mines)

   [ring of intelligence]

   It affects your intelligence (+6).
   It affects your accuracy and damage with ranged weapons and melee attacks
   (+3).
   It greatly increases your willpower.
Wands
 p - a wand of acid (67)
   (You found it on level 7 of the Dungeon)
 v - a wand of digging (15)
   (You took it off Pikel on level 8 of the Dungeon)
 A - a wand of paralysis (64)
   (You took it off Ijyb on level 5 of the Dungeon)
 N - a wand of polymorph (41)
   (You took it off Maggie on level 2 of the Lair of Beasts)
 W - a wand of iceblast (20)
   (You found it on level 1 of the Vaults)
 X - a wand of mindburst (40)
   (You found it on level 11 of the Dungeon)
Scrolls
 d - 3 scrolls of summoning
 h - 7 scrolls of fog
 k - 10 scrolls of blinking {!r}
 t - 2 scrolls of silence {!r}
 x - 4 scrolls of holy word
 B - 3 scrolls of enchant weapon
 C - 5 scrolls of vulnerability {!r!r}
 H - 23 scrolls of teleportation {@r4}
 J - 10 scrolls of fear
 S - 46 scrolls of identify {@r1}
 V - a scroll of torment {!r}
 Y - 5 scrolls of magic mapping {!r}
 Z - 7 scrolls of immolation {!r!r}
Potions
 e - a potion of resistance
 f - 4 potions of ambrosia
 g - 25 potions of curing {@q1}
 l - 16 potions of lignification {!q}
 u - 7 potions of mutation {!q}
 z - 4 potions of might
 D - 13 potions of heal wounds {@q2}
 E - 5 potions of haste {@q3}
 F - 16 potions of flight
 G - 4 potions of attraction {!q}
 L - 6 potions of magic
 P - 2 potions of cancellation
 T - 2 potions of invisibility
Miscellaneous
 w - a phial of floods
   (You found it on level 5 of the Pits of Slime)
 R - a condenser vane
   (You found it on level 8 of the Dungeon)

Dungeon Overview and Level Annotations

Branches:
Dungeon (15/15)            Temple (0/1) D:4            Lair (6/6) D:11
  Swamp (4/4) Lair:3       Spider (4/4) Lair:4        Slime (5/5) Lair:6
    Orc (2/2) D:9             Elf (0/3) Orc:2        Vaults (5/5) D:13
  Crypt (0/3) Vaults:3     Depths (5/5) D:15            Zot (5/5) Depths:5
Ossuary (visited)

Altars:
Ashenzari
Cheibriados
Elyvilon
Hepliaklqana
Kikubaaqudgha
Xom
Yredelemnul
The Shining One
Beogh
Jiyva
Lugonu

Shops:
D:6 =   D:13 :   Orc:2 !?:*   Vaults:2 [   Vaults:3 (!=   Vaults:4 :
Depths:1 ((=

Portals:
Hell: Depths:1 Depths:2 Depths:3 Depths:4 Depths:5
Abyss: Depths:2 Depths:4
Pandemonium: Depths:2 Depths:3
Ziggurat: Depths:2

Annotations:
D:6 3 runed translucent doors, casual's ghost, weakling DsDe
Depths:2 1 runed translucent door

#.#####.###.#.#####.#
#.#.# #. #.#
#[##..#+#####'###.#.###.
#.#
#.....#≈.P≈≈..#......##.
#.#
####..#P≈.P.≈.###.#.###.
#.# ##.#≈≈≈..≈≈#
#.##.... #.#
#.#≈≈≈.PPP###.##.##.
#.###
#.#≈P≈.PP≈##..##.##.
#...#
#.####.≈≈≈##.###.##.
###.#
#.#@..P≈.≈#..###.##. #.#
#.#########......##. #)#
### #.##...######. #.#
#########.####.#####[.
#.#
#.....................
#.#
#.##################..
####.# #.# ##. #....#
#.# ## #.#### #.#


There were no monsters in sight!


Message History

Press: ? - help, Shift-Dir - straight line A rock wall.
This square is covered in magical glow.
The rock shatters into small pieces.
There is a stone staircase leading up here.
You climb upwards.
There is a stone staircase leading down here.
Your extra speed is starting to run out.
You feel yourself slow down.
An Executioner comes into view.
The Executioner gives a hideous shriek!
You slice the Executioner!! The Executioner hits you!
The Executioner hits you but does no damage.
The Executioner misses you. The Executioner hits you.
The Executioner hits you but does no damage.
The Executioner misses you. 😕 HP[-19]
You take 19 damage, and now have 245/264 hp.
You hit the Executioner.
The Executioner hits you but does no damage. x2
The Executioner barely misses you. 😕 HP[+1]
You slice the Executioner!!
The Executioner gestures.
The Executioner seems to speed up.
The Executioner hits you but does no damage.
The Executioner barely misses you. The Executioner hits you.
You slice the Executioner like a ripe choko!!!
You kill the Executioner!
Trog accepts your kill. 😕 HP[+1] No target in view!
A toenail golem comes into view. 😕 HP[+11]
You regained 11 hp, and now have 258/264 hp.
The toenail golem moves out of view. 😕 HP[+1] 😕 HP[+2]
You regained 2 hp, and now have 261/264 hp. 😕 HP[+1] 😎 HP[+2]
Your hp is fully restored (264).
There is an open door here.
There is a stone staircase leading up here.
You climb upwards.
There is a stone staircase leading down here.
There is a stone staircase leading down here.
Things that are here:
a +0 leather armour; a +0 quarterstaff {staff}; a +0 hunting sling {sling}
There is a stone staircase leading up, spattered with blood here.
You climb upwards.
There is a stone staircase leading down here.
There is a stone staircase leading up, spattered with blood here.
You climb upwards.
There is a stone staircase leading down, spattered with blood here.
You see here a +0 club {mace}.
Things that are here:
a +0 leather armour; a +0 club {mace}
There is an escape hatch in the ceiling here.
A mysterious force pulls you upwards. The hatch slams shut behind you.
Level annotation: 3 runed translucent doors, casual's ghost, weakling DsDe
There is a stone staircase leading up here.
You climb upwards.
There is a stone staircase leading down here.
There is a stone staircase leading up here.
You climb upwards.
A ynoxinul comes into view.
There is a stone staircase leading down here.
The ynoxinul gestures.
There is a stone staircase leading up here.
You climb upwards.
There is a stone staircase leading down here.
An Orb Guardian comes into view.
You reach to attack!
You open the Orb Guardian like a pillowcase!!!
You reach to attack!
You slash the Orb Guardian! You closely miss the Orb Guardian.
You slash the Orb Guardian!
You kill the Orb Guardian!
Trog accepts your kill.
There is a stone staircase leading up here.
You climb upwards.
There is a stone staircase leading down here.
An Orb Guardian comes into view.
You reach to attack!
You cut the Orb Guardian into ribbons!!!
You reach to attack!
You carve the Orb Guardian like a ham!!!
You kill the Orb Guardian!
Trog accepts your kill.
Your Fighting skill increases to level 25! 😎 HP[+2]
You now have 266 max hp (+2).
Your hp is fully restored (266).
No target in view!
There is a stone staircase leading up here.
You climb upwards.
There is a stone staircase leading down here.
There is an open door here.
There is a staircase leading out of the dungeon here.
You have escaped!

Skill      XL: |  1  2  3  4  5  6  7  8  9 10 11 12 13 14 15 16 17 18 19 20 21 22 23 24 25 26 27 |
---------------+----------------------------------------------------------------------------------+-----
Polearms       | 5 6 7 8 10 11 12 13 15 | 15.8
Fighting       | 4 5 6 7 8 9 11 12 13 14 15 16 17 18 19 20 22 23 25 | 25.0
Dodging        | 4 7 8 9 11 12 13 14 15 16 18 21 | 21.0
Armour         | 2 4 6 7 9 10 11 12 13 14 16 17 18 19 | 19.7
Evocations     | 3 5 7 8 9 10 | 10.0
Staves         | 3 6 9 11 13 | 13.1
Bows           | 1 4 7 8 10 12 15 18 19 20 | 20.0
Stealth        | 4 8 |  8.0

Action                   |  1- 3 |  4- 6 |  7- 9 | 10-12 | 13-15 | 16-18 | 19-21 | 22-24 | 25-27 || total
-------------------------+-------+-------+-------+-------+-------+-------+-------+-------+-------++-------
Melee: Spear             |   111 |   124 |   509 |   350 |       |       |       |       |       ||  1094
       Tailslap          |       |       |     4 |       |     1 |    32 |       |       |       ||    37
       Lajatang          |       |       |       |   253 |   860 |   755 |       |       |       ||  1868
       Glaive            |       |       |       |       |       |   266 |   861 |   915 |   710 ||  2752
 Fire: Longbow           |       |       |       |       |     9 |   339 |   483 |   655 |  1207 ||  2693
Throw: Dart              |       |       |       |     5 |       |       |       |       |       ||     5
Invok: Berserk           |     1 |     6 |     9 |    13 |    14 |    19 |    10 |     3 |     7 ||    82
       Brothers in Arms  |       |       |       |     2 |     1 |     2 |     1 |       |     5 ||    11
       Trog's Hand       |       |       |       |     1 |     2 |     2 |     3 |     5 |     6 ||    19
Evoke: Wand              |       |       |       |       |       |       |       |       |     3 ||     3
  Use: Scroll            |       |       |    14 |    12 |     4 |     4 |     3 |    13 |     8 ||    58
       Potion            |       |       |       |       |       |     1 |       |     3 |     5 ||     9
 Stab: Sleeping          |     3 |     2 |     6 |       |       |       |       |       |       ||    11
       Distracted        |       |       |       |     1 |       |       |     1 |     1 |       ||     3
       Petrifying        |       |       |       |       |       |       |       |     3 |       ||     3
       Petrified         |       |       |       |       |       |       |       |     3 |       ||     3
Armor: Animal skin       |    19 |    17 |    72 |    85 |       |       |       |       |       ||   193
       Ring mail         |       |       |       |   100 |       |       |       |       |       ||   100
       Steam dragon scal |       |       |       |     9 |    60 |       |       |       |       ||    69
       Plate armour      |       |       |       |       |   587 |   855 |   521 |   378 |       ||  2341
       Gold dragon scale |       |       |       |       |       |       |       |    79 |   633 ||   712
Dodge: Dodged            |    44 |    48 |   163 |   311 |   577 |   794 |   476 |   294 |   375 ||  3082

Levels and vault maps discovered:
D:1:      lightli_arrival_flooded_house, layout_loops_ring
D:2:      layout_basic, basic_ecumenical_altar, serial_forest,
          infiniplex_forest_end_double, infiniplex_forest_pool,
          infiniplex_forest_clump_cross, infiniplex_forest_clump_double,
          infiniplex_forest_lined_3_way, infiniplex_forest_clump_large,
          infiniplex_forest_lined_corner, infiniplex_forest_end_3,
          infiniplex_forest_end_2
D:3:      layout_basic, lemuel_tele_altar
D:4:      layout_layer_cave, minmay_temple_entry_trees, grunt_ministairs_13
D:5:      layout_rooms, serial_bayou_pond_c, uniq_menkaure, uniq_ijyb,
          uniq_edmund
D:6:      layout_cave_pools, serial_shops, shop, gammafunk_ghost_icy,
          minivault_25
D:7:      layout_basic, gup_ossuary_entry_pyramid, roderic_cross_of_infinity,
          kennysheep_diamond
D:8:      minmay_the_grid_triangle_9x9_rhombus_thin
          [minmay_the_grid_triangle_9x9_checkered,
          minmay_the_grid_triangle_9x9_prize_insulated,
          minmay_the_grid_triangle_9x9_limited_checkers,
          minmay_the_grid_triangle_9x9_sparse_checkered], layout_cave_pools,
          grunt_ministairs_1, uniq_pikel
D:9:      layout_cave_pools, hiddenorc1_lemuel, uniq_harold, uniq_joseph
D:10:     layout_irregular_city
D:11:     layout_basic, lair_entry_dummy, serial_glass, glass_columns_a,
          glass_columns_c, roderic_serpentine_path, uniq_nergalle
D:12:     layout_irregular_city, minmay_orc_keep, uniq_kirke, uniq_snorg
D:13:     layout_roguey, skrybe_vaults_entry_preservation, serial_shops, shop
D:14:     layout_cave_pools, cheibriados_altar_1, uniq_rupert
D:15:     grunt_enter_depths_hoard, layout_basic,
          nicolae_hepliaklqana_hazy_memory
Lair:1:   layout_chaotic_city, gauntlet_entry_generic, minmay_lair_oklob_chamber
Lair:2:   layout_cellular_growth, wad_woods_06, uniq_fannar, uniq_erica,
          uniq_maggie
Lair:3:   cheibrodos_magma_flow, layout_chaotic_city, palyth_hydra_swamp_entry,
          grunt_megastairs_2
Lair:4:   layout_regular_city, nicolae_spider_entry_orb_guardian
Lair:5:   nzn_winding_woodlands_three_and_one
          [nzn_winding_woodlands_5x15_split_checker,
          nzn_winding_woodlands_5x15_garden, nzn_winding_woodlands_5x15_jagged,
          nzn_winding_woodlands_center_lodge], layout_cave_pods,
          gammafunk_ghost_cemetery, cheibrodos_lair_lostbears
Lair:6:   cheibrodos_lair_end_hotspot, layout_misc_corridors, slime_altar_2,
          minivault_23, infiniplex_staircase_pool_2
Swamp:1:  layout_basic_swamp, gammafunk_ghost_cemetery,
          evilmike_swamp_ruin_rubble_2, nicolae_swamp_triple_paths
Swamp:2:  layout_falls_marsh, lemuel_altar_in_water, lightli_tree_ring
Swamp:3:  layout_basic_swamp, nicolae_swamp_big_swirl, swamp_pool3,
          uniq_bai_suzhen
Swamp:4:  swamp_alternative, layout_basic_swamp, infiniplex_staircase_pool
Spider:1: layout_spider_delve, nicolae_spider_eight_legs
Spider:2: layout_spider_delve, hangedman_spider_tarantella_strand
Spider:3: layout_spider_delve
Spider:4: guppyfry_spider_rune
Slime:1:  layout_caves
Slime:2:  layout_caves, cheibrodos_slime_lost_civilization_6
Slime:3:  layout_caves
Slime:4:  layout_caves
Slime:5
Orc:1:    layout_caves, mines2_david
Orc:2:    grunt_orc_tribal_feast, layout_caves
Vaults:1: hangedman_vaults_impose, v_misc_10, hangedman_vaults_hard_town_square,
          grunt_vaults_bifocal, v_rooms_6, vaults_room_pools,
          ontoclasm_vaults_chip, vaults_room_door_ring, v_misc_15,
          vaults_dpeg_hooks, layout_vaults_omnicross
Vaults:2: v_misc_11, hangedman_vaults_slice, ontoclasm_vaults_ligature,
          grunt_vaults_trifunnel, ontoclasm_vaults_chip, vaults_room_octagon,
          v_misc_2, nicolae_vaults_triangles, ontoclasm_vaults_decontamination,
          v_misc_15, vaults_dpeg_diagonal, vaults_room_pools,
          ontoclasm_vaults_fault, layout_vaults_omnibox, serial_shops, shop,
          uniq_margery, uniq_donald, uniq_jory
Vaults:3: minmay_crypt_entry_necro_gods, grunt_vaults_hallway_short,
          nicolae_vaults_shelves_hall, vaults_room_ringed_pool,
          vaults_mumra_chevron, nicolae_vaults_yaktaur_gun_rack,
          grunt_vaults_diagonal, hangedman_vaults_stream,
          nicolae_vaults_asterisk, layout_vaults_omnigrid, serial_shops, shop,
          nicolae_shop_trees, nicolae_shop_window_shopping
Vaults:4: v_misc_11, st_eye, nicolae_vaults_angled_halls, v_misc_23, v_misc_29,
          hangedman_vaults_snaps, nicolae_vaults_windows_and_doors_thing,
          v_misc_31, v_misc_12, vaults_dpeg_ring, layout_vaults_ring,
          serial_shops, shop
Vaults:5: uniq_mara
Depths:1: layout_roguey, hell_entry, minmay_misc_feat_roman, solitary_fountain,
          nicolae_elyvilon_temple_path, minmay_shop_star
Depths:2: minmay_connected_triangles_in_corner, layout_cave_pools,
          enter_ziggurat_a, hellmouth_1, abyss_entry_flame_altar,
          grunt_pan_entry_sceptre, tso_metal_star, minmay_st_funbox,
          grunt_ministairs_13, st_stairs_14, lemuel_flame_loot_1
Depths:3: hangedman_six_sided_sadism, layout_basic, rand_demon_pan_entry_7,
          hell_entry, minmay_staircase_bubble
Depths:4: hangedman_cross_stitches, layout_basic, grunt_mini_vestibule,
          marbit_kobold_abyss_entry, minmay_misc_feat_four_crosses,
          firewood_loft, infiniplex_staircase_split_hallway,
          serial_bayou_shore_b, uniq_saint_roka
Depths:5: grunt_zot_entry_hairpin, layout_honeycomb, hangedman_coc_ice_floe,
          serial_bayou_pond_c, st_stairs_14, minmay_misc_feat_diagonals,
          feat_on_display
Zot:1:    layout_gridlike, grunt_ministairs_4
Zot:2:    hangedman_orp_of_zott, layout_gridlike
Zot:3:    layout_basic
Zot:4:    layout_gridlike
Zot:5:    layout_basic

Notes
Turn   | Place    | Note
-------+----------+-------------------------------------------
     0 | D:1      | Canard the Merfolk Berserker began the quest for the Orb.
     0 | D:1      | Reached XP level 1. HP: 18/18 MP: 1/1
     0 | D:1      | magus.rc [v1.9.6]
   284 | D:1      | Reached XP level 2. HP: 24/24 MP: 2/2
   417 | D:1      | Reached skill level 5 in Polearms
   443 | D:1      | Reached ** piety under Trog
  1062 | D:2      | Found a faded altar of an unknown god.
  1066 | D:2      | Reached XP level 3. HP: 29/30 MP: 3/3
  1264 | D:2      | Reached skill level 4 in Fighting
  1471 | D:2      | You pick up a book of Minor Magic {forbidden} and begin
                  | reading...
  1471 | D:2      | You add the spells Magic Dart, Blink, Call Imp, Slow,
                  | Conjure Flame and Mephitic Cloud to your library.
  2053 | D:3      | Found a basalt altar of Yredelemnul.
  2134 | D:3      | Reached XP level 4. HP: 35/38 MP: 4/4
  2568 | D:3      | Reached skill level 6 in Polearms
  2831 | D:4      | Reached skill level 5 in Fighting
  2831 | D:4      | Reached XP level 5. HP: 34/44 MP: 5/5
  3092 | D:4      | Reached skill level 7 in Polearms
  3125 | D:4      | Found a staircase to the Ecumenical Temple.
  3318 | D:4      | Reached XP level 6. HP: 52/52 MP: 6/6
  3332 | D:4      | Identified the +2 spear of Glory {venom, rC- Dex+3}
  3787 | D:5      | Entered Level 5 of the Dungeon
  3789 | D:5      | Noticed an ice beast
  3846 | D:5      | Reached skill level 6 in Fighting
  3846 | D:5      | Reached skill level 8 in Polearms
  3866 | D:5      | Reached XP level 7. HP: 58/58 MP: 7/7
  3868 | D:5      | Reached skill level 9 in Polearms
  4046 | D:5      | Noticed Edmund
  4049 | D:5      | Noticed Ijyb
  4078 | D:5      | Killed Edmund
  4079 | D:5      | Reached skill level 10 in Polearms
  4081 | D:5      | Reached skill level 3 in Dodging
  4232 | D:5      | Reached skill level 4 in Dodging
  4269 | D:5      | Killed Ijyb
  4412 | D:5      | Reached skill level 2 in Armour
  4412 | D:5      | Reached XP level 8. HP: 57/65 MP: 8/8
  4416 | D:5      | Noticed Menkaure
  4429 | D:5      | Killed Menkaure
  4430 | D:5      | Reached skill level 5 in Dodging
  4796 | D:6      | Reached *** piety under Trog
  4846 | D:6      | Noticed casual's ghost (weakling DsDe)
  4878 | D:6      | Found Axil's Jewellery Shop.
  4899 | D:6      | Found a runed translucent gate.
  4899 | D:6      | Found a runed translucent gate.
  4899 | D:6      | Found a runed translucent gate.
  4920 | D:6      | Reached skill level 6 in Dodging
  4947 | D:6      | Reached skill level 7 in Fighting
  5102 | D:6      | Reached skill level 11 in Polearms
  5142 | D:6      | Reached skill level 7 in Dodging
  5142 | D:6      | Reached XP level 9. HP: 68/72 MP: 9/9
  5168 | D:6      | Reached skill level 3 in Armour
  5323 | D:6      | Identified 2 scrolls of acquirement
  5323 | D:6      | Acquired the +8 bardiche of Qazlal's Regard {spect, Str+5}
  5324 | D:6      | Acquired the ring "Ticsan" {rPois Will+ rCorr Str+3}
  5563 | D:7      | Reached skill level 8 in Dodging
  5592 | D:7      | Found a sand-covered staircase.
  5602 | Ossuary  | Entered an ossuary
  5668 | Ossuary  | Reached **** piety under Trog
  5924 | D:7      | Reached skill level 8 in Fighting
  5967 | D:7      | Reached skill level 12 in Polearms
  5967 | D:7      | Reached skill level 4 in Armour
  6536 | D:7      | Found a shimmering altar of Xom.
  6775 | D:8      | Reached XP level 10. HP: 82/82 MP: 10/10
  6776 | D:8      | Reached skill level 9 in Fighting
  6967 | D:8      | Reached skill level 5 in Armour
  6985 | D:8      | Noticed Pikel
  7131 | D:8      | You pick up a book of Cantrips {forbidden} and begin
                  | reading...
  7131 | D:8      | You add the spells Corona, Animate Skeleton, Summon Small
                  | Mammal and Apportation to your library.
  7157 | D:8      | Reached ***** piety under Trog
  7355 | D:8      | Reached skill level 6 in Armour
  7461 | D:8      | Reached skill level 1 in Evocations
  7619 | D:8      | Noticed a centaur warrior
  7625 | D:8      | Noticed an eight-headed hydra
  7635 | D:8      | Noticed a two-headed ogre
  7653 | D:7      | Killed a centaur warrior
  7654 | D:7      | Reached skill level 2 in Evocations
  7770 | D:8      | Killed a two-headed ogre
  7771 | D:8      | Reached skill level 9 in Dodging
  7771 | D:8      | Reached skill level 3 in Evocations
  7812 | D:8      | Killed an eight-headed hydra
  7813 | D:8      | Reached skill level 13 in Polearms
  7813 | D:8      | Reached XP level 11. HP: 88/90 MP: 11/11
  7863 | D:8      | Noticed a cyclops
  7878 | D:8      | Killed a cyclops
  7879 | D:8      | Reached skill level 10 in Fighting
  7998 | D:8      | Killed Pikel
  7999 | D:8      | Reached skill level 4 in Evocations
  8062 | D:8      | Identified the Tome of Doomed Transmigration
  8063 | D:8      | You add the spells Pain, Corpse Rot, Borgnjor's Vile Clutch
                  | and Alistair's Intoxication to your library.
  8066 | D:8      | You pick up a book of Air {forbidden} and begin reading...
  8066 | D:8      | You add the spells Shock, Swiftness, Static Discharge,
                  | Airstrike and Lightning Bolt to your library.
  8068 | D:8      | You pick up a book of Misfortune {forbidden} and begin
                  | reading...
  8068 | D:8      | You add the spells Confusing Touch, Gell's Gravitas,
                  | Petrify, Metabolic Englaciation and Yara's Violent
                  | Unravelling to your library.
  8108 | D:8      | Noticed a centaur warrior
  8126 | D:8      | Killed a centaur warrior
  8127 | D:8      | Reached skill level 10 in Dodging
  8266 | D:9      | Identified the +8 lajatang of Distant Worlds {flame, Str+2}
                  | (Trog gifted it to you on level 9 of the Dungeon)
  8266 | D:9      | Received a gift from Trog
  8343 | D:9      | Found a staircase to the Orcish Mines.
  8384 | D:9      | Noticed Harold
  8392 | D:9      | Killed Harold
  8528 | D:9      | Reached skill level 1 in Staves
  8650 | D:9      | Noticed Joseph
  8680 | D:8      | Noticed a death knight
  8699 | D:8      | Killed a death knight
  8700 | D:8      | Reached skill level 5 in Evocations
  8753 | D:9      | Killed Joseph
  9049 | D:10     | Entered Level 10 of the Dungeon
  9103 | D:10     | Reached skill level 2 in Staves
  9213 | D:10     | You pick up a book of Callings {forbidden} and begin
                  | reading...
  9213 | D:10     | You add the spells Call Canine Familiar, Summon Guardian
                  | Golem, Summon Lightning Spire and Summon Ice Beast to your
                  | library.
  9260 | D:10     | Reached skill level 11 in Dodging
  9267 | D:10     | Reached skill level 11 in Fighting
  9287 | D:10     | Noticed a two-headed ogre
  9294 | D:10     | Killed a two-headed ogre
  9295 | D:10     | Reached skill level 3 in Staves
 10011 | D:11     | Noticed Nergalle
 10019 | D:11     | Killed Nergalle
 10020 | D:11     | Reached XP level 12. HP: 100/100 MP: 12/12
 10655 | D:11     | Found a staircase to the Lair.
 10732 | Lair:1   | Entered Level 1 of the Lair of Beasts
 10880 | Lair:1   | Reached skill level 4 in Staves
 11038 | Lair:1   | Reached skill level 12 in Dodging
 11038 | Lair:1   | Reached skill level 6 in Evocations
 11328 | Lair:1   | Reached skill level 12 in Fighting
 11343 | Lair:1   | Reached skill level 5 in Staves
 11585 | Lair:2   | Noticed a seven-headed hydra
 11593 | Lair:2   | Killed a two-headed hydra
 11594 | Lair:2   | Reached skill level 7 in Evocations
 11760 | Lair:2   | Noticed Maggie
 11799 | Lair:2   | Killed Maggie
 11902 | Lair:2   | Noticed Fannar
 11916 | Lair:2   | Killed Fannar
 12228 | Lair:2   | Reached skill level 6 in Staves
 12370 | Lair:2   | Noticed a five-headed hydra
 12377 | Lair:2   | Killed a one-headed hydra
 12378 | Lair:2   | Reached XP level 13. HP: 103/108 MP: 13/13
 12952 | Lair:3   | Reached skill level 8 in Evocations
 13297 | Lair:3   | You pick up a book of Flames {forbidden} and begin
                  | reading...
 13297 | Lair:3   | You add the spells Foxfire, Inner Flame, Sticky Flame and
                  | Fireball to your library.
 13342 | Lair:3   | Reached skill level 7 in Staves
 13718 | Lair:3   | Found a staircase to the Swamp.
 13983 | Lair:4   | Reached skill level 7 in Armour
 13989 | Lair:4   | Reached skill level 8 in Staves
 14192 | Lair:4   | Identified the +9 plate armour "Tuguj" {Str+5 Int+2}
 14248 | Lair:4   | Received a gift from Trog
 14490 | Lair:4   | Found a hole to the Spider Nest.
 14917 | Lair:5   | You pick up a book of Clouds {forbidden} and begin
                  | reading...
 14917 | Lair:5   | You add the spells Poisonous Vapours and Freezing Cloud to
                  | your library.
 14962 | Lair:5   | Reached skill level 9 in Staves
 15212 | Lair:5   | Reached XP level 14. HP: 116/116 MP: 14/14
 15495 | Lair:5   | Found a runed translucent gate.
 15497 | Lair:5   | Found a runed translucent gate.
 15498 | Lair:5   | Found a runed translucent gate.
 15502 | Lair:5   | Noticed Meonig's ghost (journeyman HaWr)
 15502 | Lair:5   | Noticed Ymidutt's ghost (journeyman GnFi)
 15861 | Lair:5   | Reached skill level 8 in Armour
 16158 | Lair:5   | Killed Meonig's ghost
 16159 | Lair:5   | Reached skill level 10 in Staves
 16167 | Lair:5   | Killed Ymidutt's ghost
 16274 | Lair:6   | Entered Level 6 of the Lair of Beasts
 16296 | Lair:6   | Reached skill level 13 in Fighting
 16487 | Lair:6   | Found a runed translucent door.
 16487 | Lair:6   | Found a viscous altar of Jiyva.
 16488 | Lair:6   | Found a staircase to the Slime Pits.
 16506 | Lair:6   | Received a gift from Trog
 16848 | Lair:6   | Found a large runed translucent door.
 16954 | Lair:6   | Found a large runed translucent door.
 17201 | Lair:6   | Reached skill level 11 in Staves
 17504 | D:12     | Noticed Snorg
 17514 | D:12     | Killed Snorg
 17617 | D:12     | Noticed Kirke
 17646 | D:12     | Killed Kirke
 17708 | D:12     | Reached skill level 9 in Armour
 17728 | D:12     | Identified the +4 scale mail "Pualuron" {rPois}
 17922 | D:12     | Reached XP level 15. HP: 123/123 MP: 15/15
 17989 | D:12     | Acquired the +11 longbow of Outrage {speed, rN++}
 18431 | D:13     | Reached skill level 12 in Staves
 18589 | D:13     | Found a gate to the Vaults.
 18629 | D:13     | Received a gift from Trog
 18659 | D:13     | Found Suaxtuli's Book Shoppe.
 18822 | D:13     | You pick up a book of Cantrips {forbidden} and begin
                  | reading...
 18987 | D:13     | You pick up a book of Power {forbidden} and begin
                  | reading...
 18987 | D:13     | You add the spells Iskenderun's Battlesphere, Bolt of
                  | Magma, Iron Shot, Orb of Destruction and Spellforged
                  | Servitor to your library.
 19259 | D:14     | Noticed Rupert
 19596 | D:14     | Killed Rupert
 19608 | D:14     | Reached skill level 13 in Staves
 19632 | D:14     | Reached skill level 10 in Armour
 19790 | D:14     | Found a snail-covered altar of Cheibriados.
 20035 | D:15     | Entered Level 15 of the Dungeon
 20120 | D:15     | Found a staircase to the Depths.
 20282 | D:15     | Found a hazy altar of Hepliaklqana.
 20332 | D:15     | Reached skill level 1 in Bows
 20402 | D:15     | Reached XP level 16. HP: 104/130 MP: 16/16
 20558 | D:15     | Reached skill level 2 in Bows
 20566 | D:15     | Reached ****** piety under Trog
 20631 | D:15     | Received a gift from Trog
 20969 | Orc:1    | Entered Level 1 of the Orcish Mines
 21383 | Orc:2    | Entered Level 2 of the Orcish Mines
 21564 | Orc:2    | Found a staircase to the Elven Halls.
 21960 | Orc:2    | Received a gift from Trog
 22026 | Orc:2    | Reached skill level 3 in Bows
 22046 | Orc:2    | Identified a +0 robe of the Archmagi
 22177 | Orc:2    | Found Rupp's Magic Scroll Shop.
 22177 | Orc:2    | Found Ilyrchesy's Distillery.
 22179 | Orc:2    | Found Qirassao's General Store.
 22179 | Orc:2    | Found Xocefrat's Book Emporium.
 22191 | Orc:2    | Bought a potion of heal wounds for 60 gold pieces
 22196 | Orc:2    | Bought a scroll of acquirement for 572 gold pieces
 22196 | Orc:2    | Bought a scroll of enchant armour for 82 gold pieces
 22196 | Orc:2    | Acquired the ring "Fexaff" {Will++ Int+6 Slay+3}
 22458 | Orc:2    | Reached skill level 13 in Dodging
 22810 | Swamp:1  | Entered Level 1 of the Swamp
 22912 | Swamp:1  | Reached skill level 11 in Armour
 22972 | Swamp:1  | Noticed a thorn hunter
 23002 | Swamp:1  | Killed a thorn hunter
 23171 | Swamp:1  | Noticed a thorn hunter
 23178 | Swamp:1  | Killed a thorn hunter
 23179 | Swamp:1  | Reached skill level 4 in Bows
 23330 | Swamp:1  | Found a runed translucent gate.
 23330 | Swamp:1  | Found a runed translucent gate.
 23330 | Swamp:1  | Found a runed translucent gate.
 23336 | Swamp:1  | Noticed Mulqof's ghost (adept DjWz)
 23336 | Swamp:1  | Noticed Puri's ghost (adept GrFi)
 23562 | Swamp:1  | Killed Mulqof's ghost
 23568 | Swamp:1  | Killed Puri's ghost
 23593 | Swamp:1  | Identified the +6 quarterstaff of Datz {vorpal, rPois Str+4
                  | Int+2}
 23728 | Swamp:2  | Reached skill level 14 in Fighting
 23815 | Swamp:2  | Found a broken altar of Ashenzari.
 24456 | Swamp:3  | Identified the ring of Noschofif {Fly Will+ rCorr Int+6
                  | Dex-2}
 24501 | Swamp:3  | Received a gift from Trog
 24524 | Swamp:3  | Noticed a thorn hunter
 24550 | Swamp:3  | Reached XP level 17. HP: 112/139 MP: 17/17
 24635 | Swamp:3  | Identified the +5 hunting sling of Rubbish {venom, rElec
                  | rPois rF+}
 24707 | Swamp:3  | Noticed Bai Suzhen
 24732 | Swamp:3  | Killed Bai Suzhen
 24733 | Swamp:3  | Reached skill level 5 in Bows
 24733 | Swamp:3  | Reached skill level 14 in Dodging
 25259 | Swamp:4  | Entered Level 4 of the Swamp
 25289 | Swamp:3  | Reached skill level 6 in Bows
 25603 | Swamp:4  | Reached skill level 15 in Fighting
 25656 | Swamp:4  | Received a gift from Trog
 25734 | Swamp:4  | Reached skill level 12 in Armour
 25816 | Swamp:4  | Reached skill level 7 in Bows
 26107 | Swamp:4  | Identified the +8 trident of Malaise {flame, rElec rC+
                  | Stlth+}
 26406 | Swamp:4  | Got a decaying rune of Zot
 26692 | Swamp:4  | magus.rc [v1.9.6]
 26859 | Spider:1 | Entered Level 1 of the Spider Nest
 26877 | Spider:1 | Reached XP level 18. HP: 150/150 MP: 18/18
 26885 | Spider:1 | You pick up a book of Fire {forbidden} and begin reading...
 26885 | Spider:1 | You add the spells Ignite Poison, Starburst and Ignition to
                  | your library.
 27395 | Spider:1 | You pick up a book of Maledictions {forbidden} and begin
                  | reading...
 27395 | Spider:1 | You add the spells Ensorcelled Hibernation, Tukima's Dance
                  | and Dazzling Flash to your library.
 27771 | Spider:2 | Reached skill level 8 in Bows
 27812 | Spider:2 | Identified the +10 glaive of Seiroc {vorpal, rElec rC+ rN+
                  | Will+} (Trog gifted it to you on level 2 of the Spider
                  | Nest)
 27812 | Spider:2 | Received a gift from Trog
 28216 | Spider:2 | Acquired a manual of Armour
 29017 | Spider:3 | Reached skill level 16 in Fighting
 29075 | Spider:3 | Reached skill level 14 in Polearms
 29634 | Spider:4 | Entered Level 4 of the Spider Nest
 30293 | Spider:4 | Received a gift from Trog
 30314 | Spider:4 | HP: 26/151 [disintegration (23)]
 30414 | Spider:4 | Reached skill level 15 in Polearms
 30414 | Spider:4 | Reached skill level 13 in Armour
 30566 | Spider:3 | Reached skill level 15 in Dodging
 30966 | Spider:4 | Got a gossamer rune of Zot
 31569 | Vaults:1 | Entered Level 1 of the Vaults
 31629 | Vaults:1 | Reached XP level 19. HP: 158/158 MP: 19/19
 31757 | Vaults:1 | Reached skill level 9 in Bows
 32404 | Vaults:1 | Received a gift from Trog
 32890 | Vaults:1 | Reached skill level 17 in Fighting
 32979 | Vaults:1 | Reached skill level 14 in Armour
 33475 | Vaults:2 | Found Exied's Armour Shop.
 33504 | Vaults:2 | Bought the +4 pair of boots "Juaniamm" {rElec} for 385 gold
                  | pieces
 33550 | Vaults:2 | Reached skill level 10 in Bows
 33979 | Vaults:2 | Noticed Jory
 34122 | Vaults:2 | Received a gift from Trog
 34151 | Vaults:2 | You are cast into the Abyss!
 34151 | Vaults:2 | Cast into level 4 of the Abyss (Jory)
 34285 | Vaults:2 | You pass through the gate.
 34285 | Vaults:2 | Escaped the Abyss
 34302 | Vaults:2 | Killed Jory
 34303 | Vaults:2 | Reached XP level 20. HP: 148/168 MP: 20/20
 35005 | Vaults:2 | Reached skill level 15 in Armour
 35106 | Vaults:2 | Noticed Donald
 35106 | Vaults:2 | Donald is wielding a +0 eveningstar and wearing the +2
                  | shield of Resistance {rF++ rC++ Will++}.
 35111 | Vaults:2 | Killed Donald
 35139 | Vaults:2 | Q - a +0 eveningstar {macerare=g}
 35140 | Vaults:2 | You drop a +0 eveningstar {macerare=g}.
 35147 | Vaults:2 | r - a +0 eveningstar {macerare=g}
 35196 | Vaults:2 | You drop a +0 eveningstar {macerare=g}.
 35197 | Vaults:2 | magus.rc [v1.9.6]
 35197 | Vaults:2 | r - a +0 eveningstar {macerare=g}
 35308 | Vaults:2 | Reached skill level 11 in Bows
 35316 | Vaults:3 | Reached skill level 18 in Fighting
 35644 | Vaults:3 | Found Cotaddow's Jewellery Shoppe.
 35646 | Vaults:3 | Found Jodef's Distillery.
 35649 | Vaults:3 | Bought a potion of heal wounds for 85 gold pieces
 35684 | Vaults:3 | Received a gift from Trog
 36058 | Vaults:3 | Found a staircase to the Crypt.
 36058 | Vaults:3 | Found an ancient bone altar of Kikubaaqudgha.
 36058 | Vaults:3 | Found a basalt altar of Yredelemnul.
 36322 | Vaults:3 | Received a gift from Trog
 36376 | Vaults:3 | You fall into a shaft and drop 1 floor!
 36503 | Vaults:4 | Reached skill level 12 in Bows
 36655 | Vaults:4 | Identified the amulet "Giq Sypioqi" {Faith rElec rF+ Int+4}
 36693 | Vaults:4 | Reached skill level 16 in Armour
 36710 | Vaults:4 | Reached XP level 21. HP: 131/177 MP: 21/21
 37022 | Vaults:4 | Received a gift from Trog
 37023 | Vaults:4 | Reached skill level 13 in Bows
 37783 | Vaults:4 | Reached skill level 14 in Bows
 37850 | Vaults:4 | Found Ezxuhip's Book Shoppe.
 37938 | Vaults:5 | Entered Level 5 of the Vaults
 37938 | Vaults:5 | Noticed a golden dragon
 38030 | Vaults:4 | Received a gift from Trog
 38101 | Vaults:5 | Noticed Mara
 38192 | Vaults:4 | Killed a golden dragon
 38244 | Vaults:5 | Noticed Canard's illusion
 38293 | Vaults:5 | Identified the ring "Fomuukho" {+Inv rC+ Will+ Dex+2}
 38309 | Vaults:5 | Reached skill level 15 in Bows
 38433 | Vaults:5 | Reached XP level 22. HP: 181/184 MP: 22/22
 38593 | Vaults:5 | a yaktaur comes into view. It is wielding the +7 sceptre of
                  | Torment {pain, torment}.
 38700 | Vaults:5 | Reached skill level 16 in Bows
 38765 | Vaults:5 | Received a gift from Trog
 39058 | Vaults:5 | +0 shadow dragon scales {rare}; a shadow dragon corpse
 39146 | Vaults:5 | HP: 66/276 [vault guard/+0 bardiche (18)]
 39151 | Vaults:5 | HP: 50/276 [frost giant/bolt of cold (19)]
 39154 | Vaults:5 | HP: 16/276 [hell knight/bolt of fire (25)]
 39159 | Vaults:5 | HP: 13/276 [frost giant/bolt of cold (6)]
 39233 | Vaults:5 | Received a gift from Trog
 39234 | Vaults:5 | Reached skill level 17 in Bows
 39337 | Vaults:5 | +0 shadow dragon scales {rare}; a shadow dragon corpse
 39436 | Vaults:5 | +0 shadow dragon scales {rare}; a shadow dragon corpse
 39591 | Vaults:5 | Found the +3 pair of gauntlets of War {Slay+5}
 39674 | Vaults:5 | Killed Mara
 39764 | Vaults:5 | Got a silver rune of Zot
 40203 | Vaults:5 | You add the spells Haunt, Monstrous Menagerie, Malign
                  | Gateway and Summon Horrible Things to your library.
 40473 | Vaults:5 | Reached skill level 18 in Bows
 40482 | Vaults:5 | Acquired 956 gold pieces
 40532 | Vaults:3 | Reached XP level 23. HP: 190/190 MP: 23/23
 40870 | Vaults:3 | Found Xasiss's Weapon Emporium.
 41408 | Depths:1 | Entered Level 1 of the Depths
 41447 | Depths:1 | Received a gift from Trog
 41703 | Depths:1 | Found Addef's Jewellery Shop.
 41705 | Depths:1 | Found Duucubb's Antique Weapon Boutique.
 41707 | Depths:1 | Found Pecihoew's Weapon Shop.
 41830 | Depths:1 | Found the +6 arbalest "Damnation" {damnation}
 42093 | Depths:1 | Found a white marble altar of Elyvilon.
 42311 | Depths:1 | Found a gateway to Hell.
 42459 | Depths:2 | Received a gift from Trog
 42515 | Depths:2 | Found a one-way gate leading to the halls of Pandemonium.
 42603 | Depths:2 | Found a corrupted altar of Lugonu.
 42603 | Depths:2 | Found a one-way gate to the infinite horrors of the Abyss.
 42627 | Depths:2 | Found a glowing golden altar of the Shining One.
 42660 | Depths:2 | Found a gateway to a ziggurat.
 42710 | Depths:2 | Noticed a caustic shrike
 43144 | Depths:2 | Noticed a juggernaut
 43145 | Depths:2 | Found a runed translucent door.
 43149 | Depths:2 | Noticed a caustic shrike
 43525 | Depths:2 | Voluntarily entered the Abyss.
 43532 | Abyss:1  | Found a corrupted altar of Lugonu.
 43613 | Abyss:1  | Reached skill level 19 in Fighting
 43772 | Abyss:2  | Received a gift from Trog
 43991 | Abyss:2  | Found a corrupted altar of Lugonu.
 44157 | Abyss:2  | Reached XP level 24. HP: 190/201 MP: 23/23
 44709 | Abyss:3  | Received a gift from Trog
 44723 | Abyss:3  | Got an abyssal rune of Zot
 44756 | Depths:2 | You pass through the gate.
 44756 | Depths:2 | Escaped the Abyss
 44788 | Depths:3 | Reached skill level 19 in Bows
 44867 | Depths:3 | You fall into a shaft and drop 2 floors!
 44867 | Depths:5 | Entered Level 5 of the Depths
 45051 | Depths:5 | Reached skill level 17 in Armour
 45219 | Depths:4 | Noticed Saint Roka
 45294 | Depths:4 | Killed Saint Roka
 45426 | Depths:4 | You fall into a shaft and drop 1 floor!
 45428 | Depths:5 | Paralysed by a floating eye for 3 turns
 45510 | Depths:4 | Reached skill level 20 in Fighting
 45816 | Depths:3 | Identified +0 gold dragon scales
 45829 | Depths:3 | You finish putting on your +0 gold dragon scales {rare}.
 45829 | Depths:3 | your +0 gold dragon scales {rare} glow green for a moment.
 45830 | Depths:3 | your +1 gold dragon scales {rare} glow green for a moment.
 45831 | Depths:3 | your +2 gold dragon scales {rare} glow green for a moment.
 45832 | Depths:3 | your +3 gold dragon scales {rare} glow green for a moment.
 45833 | Depths:3 | your +4 gold dragon scales {rare} glow green for a moment.
 45834 | Depths:3 | your +5 gold dragon scales {rare} glow green for a moment.
 45835 | Depths:3 | your +6 gold dragon scales {rare} glow green for a moment.
 45836 | Depths:3 | your +7 gold dragon scales {rare} glow green for a moment.
 45837 | Depths:3 | your +8 gold dragon scales {rare} glow green for a moment.
 45838 | Depths:3 | your +9 gold dragon scales {rare} glow green for a moment.
 45879 | Depths:3 | Received a gift from Trog
 45962 | Depths:3 | Noticed a caustic shrike
 45977 | Depths:3 | Killed a caustic shrike
 46134 | Depths:3 | Identified the +0 robe of the Evil One {Will+ Str+3 Dex+7}
 46314 | Depths:3 | Received a gift from Trog
 46937 | Depths:2 | Reached XP level 25. HP: 208/212 MP: 23/23
 47075 | Depths:2 | Paralysed by a floating eye for 2 turns
 47143 | Depths:2 | Reached skill level 21 in Fighting
 47143 | Depths:2 | Reached skill level 20 in Bows
 47868 | Depths:4 | Received a gift from Trog
 49388 | Depths:5 | Identified +0 gold dragon scales
 49391 | Depths:5 | +0 gold dragon scales {rare}; a golden dragon corpse
 49560 | Depths:5 | Reached skill level 22 in Fighting
 49568 | Depths:5 | Found a gate to the Realm of Zot.
 49607 | Depths:5 | +0 gold dragon scales {rare}; a golden dragon corpse
 50073 | Slime:1  | Entered Level 1 of the Pits of Slime
 50076 | Slime:1  | Reached skill level 16 in Dodging
 50091 | Slime:1  | magus.rc [v1.9.6]
 50207 | Slime:1  | Received a gift from Trog
 50448 | Slime:5  | Entered Level 5 of the Pits of Slime
 50633 | Slime:5  | Found a viscous altar of Jiyva.
 50636 | Slime:5  | Noticed the Royal Jelly
 50694 | Slime:5  | Reached XP level 26. HP: 174/225 MP: 23/23
 51017 | Slime:4  | Gained mutation: You sometimes lose the ability to read
                  | scrolls when taking damage. [a shining eye]
 51115 | Slime:5  | Found the ring of the Mage {Wiz Will++ Int+3}
 51185 | Slime:5  | Killed the Royal Jelly
 51186 | Slime:5  | Reached skill level 17 in Dodging
 51267 | Slime:5  | Received a gift from Trog
 51420 | Slime:5  | You pick up a book of Unlife {forbidden} and begin
                  | reading...
 51420 | Slime:5  | You add the spells Animate Dead, Death Channel and
                  | Simulacrum to your library.
 51422 | Slime:5  | Got a slimy rune of Zot
 51433 | Slime:5  | Identified the +0 tower shield of the Eagle {Harm rCorr
                  | Dex+4}
 51457 | Slime:5  | You pick up a book of Dreams {forbidden} and begin
                  | reading...
 51457 | Slime:5  | You add the spells Animate Armour, Silence and Shadow
                  | Creatures to your library.
 51461 | Slime:5  | You add the spells Sting and Olgreb's Toxic Radiance to
                  | your library.
 51465 | Slime:5  | Identified Pohiy's Volume of Shifting Intoxication
 51466 | Slime:5  | You add the spells Spider Form, Irradiate and Statue Form
                  | to your library.
 51472 | Slime:5  | You pick up a book of Party Tricks {forbidden} and begin
                  | reading...
 51472 | Slime:5  | You add the spells Lesser Beckoning and Invisibility to
                  | your library.
 51480 | Slime:5  | Identified the +1 robe of the Archfiend {rC+ Str+3}
 51495 | Slime:5  | You pick up a book of Fire {forbidden} and begin reading...
 51878 | Slime:5  | your +10 gold dragon scales {rare} glow green for a moment.
 51879 | Slime:5  | your +11 gold dragon scales {rare} glow green for a moment.
 51880 | Slime:5  | Lost mutation: You sometimes lose the ability to read
                  | scrolls when taking damage. [potion of mutation]
 51880 | Slime:5  | Gained mutation: You are agile. (Dex +2) [potion of
                  | mutation]
 51880 | Slime:5  | Gained mutation: You are robust. (+10% HP) [potion of
                  | mutation]
 51880 | Slime:5  | Gained mutation: You are somewhat resistant to further
                  | mutation. [potion of mutation]
 52436 | Zot:1    | Entered Level 1 of the Realm of Zot
 52673 | Zot:1    | You pick up a book of the Dragon {forbidden} and begin
                  | reading...
 52673 | Zot:1    | You add the spells Cause Fear, Dragon Form and Dragon's
                  | Call to your library.
 53070 | Zot:1    | Reached skill level 18 in Dodging
 53084 | Zot:1    | Reached skill level 18 in Armour
 53396 | Zot:2    | Noticed an orb of fire
 53418 | Zot:2    | Reached skill level 1 in Stealth
 53545 | Zot:2    | Killed an orb of fire
 53546 | Zot:2    | Reached skill level 2 in Stealth
 53553 | Zot:2    | Identified +0 gold dragon scales
 53554 | Zot:2    | Reached skill level 23 in Fighting
 53596 | Zot:2    | +0 storm dragon scales {rare}; a storm dragon corpse
 53648 | Zot:2    | +0 gold dragon scales {rare}; a golden dragon corpse
 53768 | Zot:2    | Received a gift from Trog
 53779 | Zot:2    | Reached skill level 3 in Stealth
 53982 | Zot:2    | Reached skill level 4 in Stealth
 54034 | Zot:2    | Noticed a curse toe
 54090 | Zot:2    | You pick up a book of Death {forbidden} and begin
                  | reading...
 54090 | Zot:2    | You add the spells Sublimation of Blood, Dispel Undead,
                  | Agony and Excruciating Wounds to your library.
 54092 | Zot:2    | You pick up a book of Dreams {forbidden} and begin
                  | reading...
 54366 | Zot:2    | Reached skill level 9 in Evocations
 54514 | Zot:2    | Reached XP level 27. HP: 258/258 MP: 23/23
 54530 | Zot:2    | Reached skill level 5 in Stealth
 54709 | Zot:3    | Received a gift from Trog
 55387 | Zot:3    | Reached skill level 6 in Stealth
 55880 | Zot:4    | You pick up a book of the Sky {forbidden} and begin
                  | reading...
 55880 | Zot:4    | You add the spells Conjure Ball Lightning and Tornado to
                  | your library.
 55934 | Zot:4    | +0 storm dragon scales {rare}; a storm dragon corpse
 55977 | Zot:4    | You pick up a book of Alchemy {forbidden} and begin
                  | reading...
 56019 | Zot:4    | Reached skill level 19 in Dodging
 56035 | Zot:4    | +0 storm dragon scales {rare}; a storm dragon corpse
 56290 | Zot:4    | Reached skill level 7 in Stealth
 56321 | Zot:4    | You pick up a book of Minor Magic {forbidden} and begin
                  | reading...
 56402 | Zot:4    | Reached skill level 10 in Evocations
 56801 | Zot:5    | Entered Level 5 of the Realm of Zot
 56883 | Zot:5    | Identified +0 gold dragon scales
 56885 | Zot:5    | +0 gold dragon scales {rare}; an arrow; a golden dragon
                  | corpse
 56888 | Zot:5    | +0 gold dragon scales {rare}; a golden dragon corpse
 56975 | Zot:5    | Reached skill level 8 in Stealth
 57095 | Zot:5    | +0 storm dragon scales {rare}; a storm dragon corpse
 57099 | Zot:5    | +0 storm dragon scales {rare}; a storm dragon corpse
 57435 | Zot:5    | Received a gift from Trog
 57633 | Zot:5    | Noticed an ancient lich
 57640 | Zot:5    | Killed an ancient lich
 57816 | Zot:5    | Noticed an electric golem
 57822 | Zot:5    | Killed an electric golem
 57823 | Zot:5    | Reached skill level 20 in Dodging
 57895 | Zot:5    | Noticed a dread lich
 57936 | Zot:5    | Reached skill level 24 in Fighting
 57946 | Zot:5    | Noticed an orb of fire
 57948 | Zot:5    | Noticed an ancient lich
 57960 | Zot:5    | Killed an ancient lich
 57964 | Zot:5    | Killed an orb of fire
 58054 | Zot:5    | Reached skill level 19 in Armour
 58074 | Zot:4    | Reached skill level 21 in Dodging
 58146 | Zot:5    | Killed a dread lich
 58373 | Zot:5    | Received a gift from Trog
 58403 | Zot:5    | Noticed an orb of fire
 58415 | Zot:5    | Noticed an ancient lich
 58421 | Zot:5    | Killed an orb of fire
 58429 | Zot:5    | Killed an ancient lich
 58729 | Zot:5    | Got the Orb of Zot
 59150 | D:13     | Noticed Derid the pandemonium lord
 59165 | D:13     | Killed Derid the pandemonium lord
 59407 | D:2      | Reached skill level 25 in Fighting
 59456 | D:$      | Escaped with the Orb!

Vanquished Creatures
  the Royal Jelly (Slime:5)
  A dread lich (Zot:5)
  3 ancient liches (Zot:5)
  2 orbs of fire
  Mara (Vaults:5)
  3 Killer Klowns (Zot:5)
  Bai Suzhen (Swamp:3)
  A pandemonium lord (D:13)
  Saint Roka (Depths:4)
  A caustic shrike (Depths:3)
  7 golden dragons
  Jory (Vaults:2)
  A bone dragon (Depths:5)
  An electric golem (Zot:5)
  3 liches
  12 tentacled monstrosities
  Rupert (D:14)
  An Ice Fiend (Zot:1)
  25 Orb Guardians
  5 titans
  19 acid blobs
  2 tentacled starspawn (Abyss:1)
  7 quicksilver dragons
  5 death cobs
  8 sphinxes
  2 Executioners
  4 thorn hunters
  13 storm dragons
  Kirke (D:12)
  11 tengu reavers
  A shadow dragon (shapeshifter) (Vaults:5)
  The ghost of Mulqof the Eclecticist, an adept DjWz of Nemelex Xobeh (Swamp:1)
  5 draconian monks
  Donald (Vaults:2)
  7 shadow dragons
  10 rockslimes
  6 draconian knights
  6 fire giants
  14 azure jellies
  4 nagarajas (Depths:3)
  2 orc warlords
  The ghost of Puri the Warrior, an adept GrFi of Ru (Swamp:1)
  3 balrugs (Zot:2)
  22 vault wardens
  A draconian scorcher (Zot:1)
  3 ghouls (Swamp:4)
  A ghost moth (shapeshifter) (Vaults:5)
  An iron dragon (Depths:4)
  A caustic shrike zombie (Depths:2)
  18 frost giants
  8 ghost moths
  5 emperor scorpions
  7 draconian shifters
  3 draconian stormcallers
  3 reapers
  3 war gargoyles
  22 ironbound preservers
  17 quicksilver oozes
  21 very ugly things
  5 draconian annihilators
  7 vampire knights
  18 stone giants
  9 black draconians
  2 deep elf demonologists
  A green draconian (shapeshifter) (Zot:2)
  The ghost of Meonig the Carver, a journeyman HaWr of Ashenzari (Lair:5)
  12 green draconians
  7 purple draconians
  5 entropy weavers
  The ghost of Ymidutt the Blocker, a journeyman GnFi of Gozag (Lair:5)
  15 white draconians
  15 spark wasps
  11 yellow draconians
  10 red draconians
  5 dire elephants
  4 deep elf annihilators
  8 bunyips
  2 lorocyprocas
  A red draconian (shapeshifter) (Zot:2)
  A white draconian (shapeshifter) (Zot:2)
  Snorg (D:12)
  A quicksilver dragon zombie (Depths:2)
  2 blizzard demons
  5 eleionomae
  A deep elf death mage (Vaults:4)
  A crystal guardian (Vaults:4)
  A green death (Abyss:3)
  16 ettins
  12 yaktaur captains
  8 fire dragons
  2 shambling mangroves (Swamp:4)
  102 slime creatures
  9 great orbs of eyes
  5 ironbound thunderhulks
  8 ice dragons
  A deep elf high priest (Vaults:1)
  Harold (D:9)
  A great orb of eyes (shapeshifter) (Zot:2)
  A peacekeeper (Vaults:4)
  3 ghost crabs
  Fannar (Lair:2)
  25 hydras
  8 rakshasas
  28 vault guards
  2 catoblepae (Abyss:3)
  4 boulder beetles
  18 centaur warriors
  2 ogre magi
  7 spriggan air magi
  2 hell beasts (Depths:4)
  3 ironbound frosthearts
  6 two-headed ogres
  8 alligators
  5 orc high priests
  7 ironbound beastmasters
  8 deep troll earth magi
  8 deep troll shamans
  4 vampire magi
  6 tengu warriors
  A titan zombie (Vaults:3)
  A soul eater (Depths:2)
  4 spriggan berserkers
  2 hell hogs
  A deep elf knight (Depths:3)
  9 hell knights
  11 thrashing horrors
  11 skeletal warriors
  2 sun demons
  6 wretched stars
  Nergalle (D:11)
  11 iron trolls
  2 sixfirhies (Abyss:2)
  2 flayed ghosts
  A salamander mystic (Depths:3)
  7 goliath frogs
  A spatial maelstrom (Abyss:1)
  3 deep elf archers (Depths:3)
  2 bog bodies (Swamp:4)
  2 death drakes
  82 deep trolls
  2 glowing orange brains
  12 wizards
  9 orc knights
  A golden dragon skeleton (Depths:2)
  Pikel (D:8)
  18 ironbound convokers
  13 lindwurms
  7 phantasmal warriors
  10 swamp dragons
  6 deep elf pyromancers
  An iron dragon zombie (Abyss:3)
  60 ugly things
  A tengu zombie (Depths:2)
  3 necromancers
  7 orb spiders
  A shadow dragon skeleton (Vaults:3)
  3 shining eyes
  A faun (shapeshifter) (Depths:1)
  3 orc sorcerers (Orc:2)
  2 oklob plants
  25 wolf spiders
  3 manticores
  2 human zombies (Vaults:3)
  4 will-o-the-wisps
  2 worldbinders
  5 cyclopes
  23 moths of wrath
  8 elephants
  Joseph (D:9)
  8 black mambas
  4 molten gargoyles
  2 gargoyles
  A guardian serpent (Zot:2)
  An apocalypse crab (Abyss:3)
  A rust devil (Depths:3)
  15 vault sentinels
  2 smoke demons (Abyss:3)
  3 eyes of devastation
  Maggie (Lair:2)
  A hellion (Depths:4)
  An efreet (D:13)
  A water nymph (shapeshifter) (Depths:5)
  11 cane toads
  2 storm dragon simulacra
  An unseen horror (D:12)
  An orange demon (Depths:3)
  2 freezing wraiths
  2 torpor snails
  16 komodo dragons
  18 yaktaurs
  2 kobold demonologists
  24 demonic crawlers
  4 tengu conjurers
  5 ancient zymes
  2 red devils
  2 ice devils
  7 catoblepas skeletons (Abyss:3)
  6 trolls
  3 bloated husks
  5 harpy zombies (Zot:2)
  A golden dragon simulacrum (Vaults:3)
  3 meliai (Spider:4)
  14 jumping spiders
  6 polar bears
  A blink frog (shapeshifter) (Vaults:5)
  10 tyrant leeches
  17 hornets
  17 blink frogs
  A dream sheep (Lair:5)
  6 raiju
  7 large abominations
  3 wraiths (D:12)
  41 redbacks
  8 spriggans
  11 starcursed masses
  5 wyverns
  A spriggan (shapeshifter) (Vaults:5)
  3 air elementals (Abyss:3)
  2 shadows
  An ettin skeleton (Depths:2)
  2 fire elementals (Depths:2)
  18 tarantellas
  4 water elementals
  57 yaks
  6 ynoxinuls
  3 fire bats
  13 golden eyes
  7 hogs (D:12)
  3 neqoxecs
  A chaos spawn (Abyss:1)
  7 basilisks
  2 steam dragons
  15 vampire mosquitoes
  4 spatial vortices (Abyss:1)
  Menkaure (D:5)
  12 swamp worms
  Edmund (D:5)
  A warg (Vaults:3)
  8 water moccasins
  2 floating eyes
  5 hell hounds (Lair:6)
  3 ice beasts
  24 orc warriors
  4 sky beasts
  9 swamp drakes
  A black bear (Lair:1)
  A black bear (shapeshifter) (D:10)
  9 ogres
  12 centaurs
  5 boggarts
  3 necrophages
  3 wolves (Lair:5)
  4 lemures
  3 kobold brigands
  An elf zombie (Ossuary)
  13 bullfrogs
  9 earth elementals (Abyss:3)
  12 small abominations
  A gnoll sergeant (D:12)
  3 scorpions
  A water moccasin zombie (D:7)
  A wyvern skeleton (D:7)
  35 killer bees
  5 wights (D:8)
  2 electric eels
  9 lava snakes
  3 quasits
  5 centaur zombies
  3 jellies
  2 hounds
  16 orc priests
  A bullfrog skeleton (D:7)
  A gnoll shaman (Orc:2)
  A centaur skeleton (D:7)
  An iron imp (Abyss:1)
  Ijyb (D:5)
  7 iguanas
  21 orc wizards
  A killer bee zombie (D:6)
  2 hound skeletons (D:5)
  3 mummies
  5 adders
  7 gnolls
  3 shadow imps
  A white imp (Abyss:3)
  7 adder zombies (Ossuary)
  2 dart slugs
  89 orcs
  4 ball pythons
  3 bats
  6 endoplasms
  3 giant cockroaches
  2 goblins (D:1)
  8 hobgoblins
  3 jackals (D:1)
  6 kobolds
  5 quokkas
  A frilled lizard (D:1)
  7 hobgoblin zombies (Ossuary)
  A jackal zombie (Ossuary)
  12 kobold zombies (Ossuary)
  6 orc zombies (Ossuary)
  7 rats
  A rat zombie (Ossuary)
  A briar patch (Swamp:1)
  3 starspawn tentacles (Abyss:1)
2128 creatures vanquished.

Vanquished Creatures (collateral kills)
  An orb of fire (Zot:5)
  A Killer Klown (Zot:5)
  2 vault wardens (Vaults:4)
  An ironbound preserver (Vaults:4)
  A death knight (D:8)
  A deep troll (Vaults:4)
  A wizard (Vaults:4)
  2 ironbound convokers (Vaults:4)
  4 orb spiders (Spider:4)
  A torpor snail (Lair:3)
  A vault sentinel (Vaults:4)
  A hornet (Spider:4)
  A slime creature (Vaults:4)
  A yak (Lair:3)
  A basilisk (Lair:3)
20 creatures vanquished.

Vanquished Creatures (others)
  A wizard (Vaults:3)
  A wolf spider (Spider:4)
  3 bloated husks
  A hornet (Spider:4)
  A boggart (Zot:2)
  A swamp drake (Swamp:4)
  An orc wizard (D:9)
  4 briar patches
  6 foxfires (Swamp:3)
  13 fungi
  A lurking horror (Abyss:3)
  42 plants
  2 starspawn tentacles (Abyss:1)
  6 withered plants (Lair:5)
83 creatures vanquished.

Grand Total: 2231 creatures vanquished

Table legend:
 A = Non-vault XP
 B = Vault XP
 C = Vault XP percentage of total XP
 D = Non-vault monster count
 E = Vault monster count
 F = Vault count percentage of total count
                 A         B        C        D         E       F
            +---------+---------+-------+---------+---------+-------
      Total |  809745 |  724493 |  47.2 |    1327 |     755 |  36.3
            +---------+---------+-------+---------+---------+-------
        D:1 |      31 |       0 |   0.0 |      18 |       0 |   0.0
        D:2 |      30 |       0 |   0.0 |      10 |       0 |   0.0
        D:3 |      49 |       0 |   0.0 |      13 |       0 |   0.0
        D:4 |     268 |      82 |  23.4 |      14 |       2 |  12.5
        D:5 |     682 |     362 |  34.7 |      10 |       3 |  23.1
        D:6 |    1009 |       0 |   0.0 |      21 |       0 |   0.0
        D:7 |    1753 |    1187 |  40.4 |      29 |       7 |  19.4
        D:8 |    1664 |    5186 |  75.7 |      29 |      14 |  32.6
        D:9 |     393 |    1721 |  81.4 |      11 |      19 |  63.3
       D:10 |    3564 |       0 |   0.0 |      16 |       0 |   0.0
       D:11 |    2010 |     773 |  27.8 |      12 |       1 |   7.7
       D:12 |    6531 |    4966 |  43.2 |      16 |      18 |  52.9
       D:13 |   14810 |    6534 |  30.6 |      36 |      11 |  23.4
       D:14 |   12192 |    2882 |  19.1 |      22 |       1 |   4.3
       D:15 |   14296 |    2065 |  12.6 |      25 |       2 |   7.4
     Lair:1 |    5935 |     550 |   8.5 |      22 |       1 |   4.3
     Lair:2 |    3472 |    1395 |  28.7 |       9 |       2 |  18.2
     Lair:3 |    5247 |    4404 |  45.6 |      14 |      16 |  53.3
     Lair:4 |    7079 |     595 |   7.8 |      29 |       1 |   3.3
     Lair:5 |   10301 |    6747 |  39.6 |      41 |      14 |  25.5
     Lair:6 |    4840 |    7710 |  61.4 |      18 |      29 |  61.7
    Swamp:1 |   11973 |    3433 |  22.3 |      16 |       2 |  11.1
    Swamp:2 |    9475 |       0 |   0.0 |      18 |       0 |   0.0
    Swamp:3 |   17443 |    9000 |  34.0 |      30 |       6 |  16.7
    Swamp:4 |   23031 |   15932 |  40.9 |      28 |      23 |  45.1
   Spider:1 |   10388 |    2805 |  21.3 |      27 |       8 |  22.9
   Spider:2 |    5091 |     210 |   4.0 |      14 |       1 |   6.7
   Spider:3 |   15064 |    3519 |  18.9 |      37 |       3 |   7.5
   Spider:4 |   15775 |   20317 |  56.3 |      32 |      36 |  52.9
    Slime:1 |   14411 |       0 |   0.0 |      31 |       0 |   0.0
    Slime:2 |    3024 |       0 |   0.0 |       5 |       0 |   0.0
    Slime:3 |    5068 |       0 |   0.0 |       7 |       0 |   0.0
    Slime:4 |    7824 |       0 |   0.0 |       5 |       0 |   0.0
    Slime:5 |   15074 |   33069 |  68.7 |      37 |      14 |  27.5
      Orc:1 |    1116 |      18 |   1.6 |      18 |       6 |  25.0
      Orc:2 |    2895 |    7755 |  72.8 |      31 |      30 |  49.2
   Vaults:1 |   20008 |   22262 |  52.7 |      28 |      25 |  47.2
   Vaults:2 |   31939 |   33614 |  51.3 |      48 |      36 |  42.9
   Vaults:3 |   43220 |    3312 |   7.1 |      59 |       9 |  13.2
   Vaults:4 |   19105 |   80976 |  80.9 |      28 |      81 |  74.3
   Vaults:5 |   18269 |  117415 |  86.5 |      18 |      72 |  80.0
   Depths:1 |   49536 |       0 |   0.0 |      50 |       0 |   0.0
   Depths:2 |   40096 |   18641 |  31.7 |      42 |      17 |  28.8
   Depths:3 |    8022 |   61668 |  88.5 |      11 |      53 |  82.8
   Depths:4 |   32774 |   25606 |  43.9 |      30 |      30 |  50.0
   Depths:5 |   38166 |   26796 |  41.2 |      39 |      17 |  30.4
      Zot:1 |   41784 |   11387 |  21.4 |      26 |       7 |  21.2
      Zot:2 |   29497 |   35892 |  54.9 |      16 |      39 |  70.9
      Zot:3 |   27146 |       0 |   0.0 |      18 |       0 |   0.0
      Zot:4 |   50159 |    5604 |  10.0 |      32 |       2 |   5.9
      Zot:5 |   61682 |  127541 |  67.4 |      39 |      31 |  44.3
    Abyss:1 |   12122 |    1207 |   9.1 |      16 |       1 |   5.9
    Abyss:2 |   14613 |       0 |   0.0 |      39 |       0 |   0.0
    Abyss:3 |   12653 |    9064 |  41.7 |      27 |      26 |  49.1
    Abyss:4 |    5146 |       0 |   0.0 |      10 |       0 |   0.0
    Ossuary |       0 |     291 | 100.0 |       0 |      39 | 100.0
            +---------+---------+-------+---------+---------+-------

Illustrated notes

Table legend:
 A = Kills in this place as a percentage of kills in entire the game.
 B = Kills by you in this place as a percentage of kills by you in the entire game.
 C = Kills by friends in this place as a percentage of kills by friends in the entire game.
 D = Other kills in this place as a percentage of other kills in the entire game.
 E = Experience gained in this place as a percentage of experience gained in the entire game.
 F = Experience gained in this place divided by the number of levels of this place that you have seen.
                   A       B       C       D       E      F
               +-------+-------+-------+-------+-------+----------------------
         Total | 100.0 | 100.0 | 100.0 | 100.0 | 100.0 | 27816.9
       Dungeon |  17.5 |  17.6 |   5.0 |   0.0 |   6.4 | 6637.5
          Lair |   9.3 |   9.3 |  15.0 |   0.0 |   3.7 | 9712.5
         Swamp |   5.9 |   5.9 |   0.0 |  33.3 |   5.8 | 22571.8
   Spider Nest |   7.5 |   7.3 |  25.0 |  66.7 |   4.7 | 18292.2
    Slime Pits |   4.7 |   4.8 |   0.0 |   0.0 |   5.0 | 15694.0
  Orcish Mines |   4.0 |   4.1 |   0.0 |   0.0 |   0.8 | 5892.0
        Vaults |  19.2 |  19.0 |  45.0 |   0.0 |  25.0 | 78024.0
        Depths |  13.9 |  14.0 |   0.0 |   0.0 |  19.5 | 60625.6
           Zot |  10.4 |  10.4 |  10.0 |   0.0 |  25.5 | 79571.4
         Abyss |   5.7 |   5.7 |   0.0 |   0.0 |   3.5 | 13701.2
       Ossuary |   1.9 |   1.9 |   0.0 |   0.0 |   0.0 | 291.0
               +-------+-------+-------+-------+-------+----------------------

Table legend: (Time is in decaauts)
 A = Elapsed time spent in this place.
 B = Non-inter-level travel time spent in this place.
 C = Inter-level travel time spent in this place.
 D = Time resting spent in this place.
 E = Time spent auto-exploring this place.
 F = Levels seen in this place.
 G = Mean time per level.
                   A        B        C        D        E       F      G
               +--------+--------+--------+--------+--------+-----+--------+
         Total |  56865 |  52320 |   4545 |   5298 |  34117 |  56 | 1015.4 |
       Dungeon |  15254 |  13261 |   1993 |   1350 |   9273 |  15 | 1016.9 |
          Lair |   7241 |   6319 |    922 |    435 |   4695 |   6 | 1206.8 |
         Swamp |   3536 |   3365 |    171 |    691 |   1891 |   4 |  884.0 |
   Spider Nest |   4223 |   4052 |    171 |    396 |   2949 |   4 | 1055.8 |
    Slime Pits |   1663 |   1601 |     62 |    313 |    661 |   5 |  332.6 |
  Orcish Mines |   1507 |   1441 |     66 |    192 |    911 |   2 |  753.5 |
        Vaults |   9002 |   8685 |    317 |    937 |   5306 |   5 | 1800.4 |
        Depths |   6975 |   6327 |    648 |    425 |   4390 |   5 | 1395.0 |
           Zot |   5991 |   5799 |    192 |    456 |   3949 |   5 | 1198.2 |
         Abyss |   1243 |   1243 |      0 |     98 |      0 |   4 |  310.8 |
       Ossuary |    227 |    227 |      0 |      0 |     89 |   1 |  227.0 |
               +--------+--------+--------+--------+--------+-----+--------+

Top non-repeatable levels by time:
Vaults:5: 2073 daAuts
Vaults:1: 1801 daAuts
Depths:3: 1794 daAuts
Vaults:4: 1764 daAuts
Vaults:2: 1718 daAuts
   Zot:5: 1659 daAuts
    D:11: 1658 daAuts
Vaults:3: 1645 daAuts
Depths:5: 1610 daAuts
  Lair:3: 1448 daAuts
 Swamp:3: 1427 daAuts
Spider:4: 1426 daAuts
  Lair:5: 1424 daAuts
    D:13: 1408 daAuts
  Lair:2: 1364 daAuts
